 Dungeon Crawl Stone Soup version 0.19.1-1-g22dce08 (webtiles) character file.

56 Alarkh the Chopper (level 3, 12/29 HPs)
             Began as a Demonspawn Monk on Jan 3, 2017.
             Got out of the dungeon alive.
             The game lasted 00:01:46 (887 turns).

Alarkh the Chopper (Demonspawn Monk)                 Turns: 887, Time: 00:01:47

Health: 12/29      AC:  3    Str: 11    XL:     3   Next: 71%
Magic:  3/3        EV: 12    Int: 12    God:
Gold:   45         SH:  0    Dex: 15    Spells: 0 memorised, 2 levels left

rFire  . . .     SeeInvis .     a - +0 hand axe
rCold  . . .     Gourm    .     b - +0 robe
rNeg   . . .     Faith    .     (no shield)
rPois  .         Spirit   .     (no helmet)
rElec  .         Reflect  .     (no cloak)
rCorr  .         Harm     .     (no gloves)
MR     .....                    k - +0 pair of boots
Stlth  ++........               (no amulet)
                                (no ring)
                                (no ring)

@: slowed, heavily drained, very slow
A: demonic guardian 1, powered by death 1
a: no special abilities


You escaped.
You were not hungry.

You visited 1 branch of the dungeon, and saw 2 of its levels.

You collected 45 gold pieces.

Inventory:

Hand Weapons
 a - a +0 hand axe (weapon)
Armour
 b - a +0 robe (worn)
 k - a +0 pair of boots (worn)
Jewellery
 e - an uncursed ring of teleportation
 m - an uncursed amulet of harm
Scrolls
 g - a scroll of identify {unknown}
 h - a scroll of noise {unknown}
 i - 2 scrolls of remove curse
 o - a scroll of fear {unknown}
Potions
 d - a potion of lignification {unknown}
 j - a potion of haste {unknown}
 l - a potion of invisibility {unknown}
 p - a potion of resistance {unknown}
Comestibles
 c - a bread ration
 f - 4 chunks of flesh


   Skills:
 - Level 3.0(1.7) Fighting
 + Level 4.2(3.0) Axes
 - Level 2.6(1.4) Dodging
 - Level 1.7(0.5) Stealth


You had 2 spell levels left.
You didn't know any spells.

Dungeon Overview and Level Annotations

Branches:
Dungeon (2/15)

Altars:

Annotations:
D:1 1 runed door


Innate Abilities, Weirdness & Mutations

A weak demonic guardian rushes to your aid.
You regenerate a little health from kills.


Message History

Natasha closely misses you.
Your iron imp misses Natasha.
You closely miss Natasha.
Natasha is severely wounded.
Natasha claws you.
Your iron imp misses Natasha.
Natasha claws you!
Your iron imp hits Natasha!
Natasha dies!
Natasha growls in agony!
Your base Axes skill increases to level 4!
You now have 45 gold pieces (gained 12).
Some of the chunks of flesh in your inventory have rotted away.
Your iron imp disappears in a puff of smoke!
Some of the chunks of flesh in your inventory have rotted away.
You see here 14 poisoned needles.
There is a stone staircase leading up here.
You climb upwards.
Level annotation: 1 runed door
There is a stone staircase leading down here.
There is a staircase leading out of the dungeon here.
Are you sure you want to leave the Dungeon?
This will make you lose the game!
You have escaped!

#.....#.# ##########.##.# #...#
#....##.# #.............# #.###
......#.#####.########.##.###.#
.#.##.#.#.....#####.......##..#
.#..#.....######.....(######.##
.................).......###.#
..#.#....###+#######'###.##..#
..#......#..⌠...>...⌠..#.##.##
.#....#..#......@......#.##.#
.#.#..##.'⌠....###....⌠+.##.#
...##.##.#.....).......#..#.#
#####.##.#######+#######....#
#.#..#..shssJhhr...#...##
#.#..#....rhrJs..$.#...######
#....#.............#...#.....
###..###############...#.####
###......................##


There were no monsters in sight!

Vanquished Creatures
  An adder (D:2)
  A worm (D:2)
  2 dart slugs (D:1)
  A giant cockroach (D:1)
  2 goblins (D:1)
  2 hobgoblins (D:1)
  4 kobolds (D:1)
  2 ball pythons
  3 bats
  A frilled lizard (D:1)
  2 rats (D:1)
21 creatures vanquished.

Vanquished Creatures (collateral kills)
  Natasha (D:2)
  A rat (D:2)
2 creatures vanquished.

Grand Total: 23 creatures vanquished

Notes
Turn   | Place    | Note
-------+----------+-------------------------------------------
     0 | D:1      | Alarkh the Demonspawn Monk began the quest for the Orb.
     0 | D:1      | Reached XP level 1. HP: 18/18 MP: 1/1
     1 | D:1      | Found a runed door.
    67 | D:1      | Reached skill level 3 in Axes
   266 | D:1      | Gained mutation: You regenerate a little health from kills. [demonic ancestry]
   266 | D:1      | Reached XP level 2. HP: 8/24 MP: 2/2
   843 | D:2      | Noticed Natasha
   855 | D:2      | Gained mutation: A weak demonic guardian rushes to your aid. [demonic ancestry]
   855 | D:2      | Reached XP level 3. HP: 12/29 MP: 3/3
   861 | D:2      | Killed Natasha
   861 | D:2      | Reached skill level 4 in Axes
   887 | D:$      | Got out of the dungeon alive.

Skill      XL: |  1  2  3 |
---------------+----------+-----
Axes           | 3 4 |  4.2
Fighting       | |  3.0
Dodging        | |  2.6
Stealth        | |  1.7

Action                   || total
-------------------------++-------
Melee: Hand axe          ||    76
  Use: Potion            ||     2
       Scroll            ||     1
 Stab: Sleeping          ||     4
Armor: Robe              ||    18
Dodge: Dodged            ||    72
